 Dungeon Sprint DCSS version 0.32-a0-470-g255bbe2f98 (webtiles) character file.

Game seed: 9739647840581999165

16423 Conn the Covert (level 12, -3/81 HPs)
             Began as an Octopode Fire Elementalist on Feb 25, 2024.
             Was the Champion of Sif Muna.
             Slain by an emperor scorpion simulacrum (8 damage)
             ... in the Dungeon (Sprint V: "Ziggurat Sprint").
             The game lasted 00:26:12 (970 turns).

Conn the Covert (Octopode Fire Elementalist)         Turns: 970, Time: 00:26:12

Health: -3/81      AC:  1    Str:  8    XL:     12   Next: 37%
Magic:  3/40       EV: 20    Int: 52    God:    Sif Muna [******]
Gold:   0          SH:  0    Dex: 18    Spells: 3/30 levels left

rFire   + . .        y - +6 Majin-Bo {spellvamp, MP+6 Int+6}
rCold   + . .        (no shield)
rNeg    . . .        (helmet restricted)
rPois   +            (no amulet)
rElec   .            Q - ring of Notugiso {rF+ MP+9 SInv}
rCorr   +            r - +6 ring of dexterity
SInv    +            s - +6 ring of intelligence
Will    .....        t - +6 ring of intelligence
Stlth   ++++++       K - +6 ring of intelligence
HPRegen 0.33/turn    h - ring of resist corrosion
MPRegen 0.27/turn    O - ring of Ephemeral Luck {rC+ Int+2}
                     I - ring "Guzuur" {rPois Int+4}

%: no teleportation
@: slightly contaminated
A: almost no armour, amphibious, 8 rings, camouflage 1, gelatinous body 1,
(nimble swimmer 1), tentacles
a: Renounce Religion, Channel Magic, Forget Spell, Divine Exegesis


You were in the Dungeon.
You worshipped Sif Muna.
Sif Muna was exalted by your worship.
You visited 1 branch

Inventory:

Hand Weapons
 y - the +6 Majin-Bo (weapon) {spellvamp, MP+6 Int+6}
   (You found it in the Dungeon)

   Int+6:     It affects your intelligence (+6).
   MP+6:      It affects your magic capacity (+6).
 z - the +27 heavy crossbow "Sniper" {heavy, Acc+∞ SInv}
   (You found it in the Dungeon)

   Acc+∞: It never misses its target.
   SInv:      It lets you see invisible.
 B - the +7 great mace "Firestarter" {flame, immolate, rFlCloud rF++}
   (You found it in the Dungeon)

   rFlCloud:  It grants immunity to clouds of flame.
   rF++:      It greatly protects you from fire.
 C - the +8 lance "Wyrmbane" {slay drac, rPois rF+ rC+ AC+3}
   (You found it in the Dungeon)

   AC+3:      It affects your AC (+3).
   rF+:       It protects you from fire.
   rC+:       It protects you from cold.
   rPois:     It protects you from poison
Armour
 A - the +18 shield of the Gong {Loud rN+ Will+ rCorr EV-5}
   (You found it in the Dungeon)

   Loud:      It is deafeningly noisy when blocking attacks.
   EV-5:      It affects your evasion (-5).
   rN+:       It protects you from negative energy.
   Will+:     It increases your willpower.
   rCorr:     It protects you from acid and corrosion.
 D - a +3 buckler
 E - a +3 kite shield
 P - the +2 shield of Resistance {rF++ rC++ Will++}
   (You acquired it in the Dungeon)

   rF++:      It greatly protects you from fire.
   rC++:      It greatly protects you from cold.
   Will++:    It greatly increases your willpower.
Magical Staves
 F - a staff of conjuration
 M - a staff of conjuration
 R - the staff of Javaewko {rC+ rN+++ Dex+3 Summ Ice}
   (You found it in the Dungeon)

   [staff of cold]

   Base accuracy: +5 Base damage: 5 Base attack delay: 1.2 This weapon's minimum
   attack delay (0.6) is reached at skill level 12.
   Dex+3:     It affects your dexterity (+3).
   rC+:       It protects you from cold.
   rN+++:     It renders you almost immune to negative energy.
   Summ:      It increases the power of your Summonings spells.
   Ice:       It increases the power of your Ice spells.
   It falls into the 'Staves' category.
   It is a one-tentacled weapon.
Jewellery
 h - a ring of resist corrosion (on tentacle)
 p - a ring of flight
 q - a +6 ring of dexterity
 r - a +6 ring of dexterity (right tentacle)
 s - a +6 ring of intelligence (on tentacle)
 t - a +6 ring of intelligence (on tentacle)
 u - a +6 ring of strength
 v - a +6 ring of strength
 I - the ring "Guzuur" (on tentacle) {rPois Int+4}
   (You found it in the Dungeon)

   [ring of poison resistance]

   Int+4:     It affects your intelligence (+4).
   rPois:     It protects you from poison
 K - a +6 ring of intelligence (on tentacle)
 N - the necklace of Bloodlust {Fury *Rage Will++ Int-3 Slay+6}
   (You found it in the Dungeon)

   [amulet of nothing]

   Fury:      It extends the wearer's berserk rage when killing foes.
   Int-3:     It affects your intelligence (-3).
   Slay+6:    It affects your accuracy & damage with ranged weapons and melee
   (+6).
   Will++:    It greatly increases your willpower.
   *Rage:     It berserks you when you make melee attacks (+50% chance).
 O - the ring of Ephemeral Luck (on tentacle) {rC+ Int+2}
   (You found it in the Dungeon)

   [ring of protection from cold]

   Int+2:     It affects your intelligence (+2).
   rC+:       It protects you from cold.
 Q - the ring of Notugiso (left tentacle) {rF+ MP+9 SInv}
   (You found it in the Dungeon)

   [ring of magical power]

   rF+:       It protects you from fire.
   MP+9:      It affects your magic capacity (+9).
   SInv:      It lets you see invisible.
Wands
 j - a wand of polymorph (5)
 w - a wand of mindburst (15)
 x - a wand of light (7)
 H - a wand of paralysis (7)
 J - a wand of flame (8)
 L - a wand of roots (2)
 S - a wand of digging (6)
Scrolls
 f - 3 scrolls of blinking
 l - 3 scrolls of amnesia
 m - 7 scrolls of fog
 n - 5 scrolls of identify
 o - 2 scrolls of fear
Potions
 a - 8 potions of magic
 b - 10 potions of curing
 c - 10 potions of heal wounds
 d - 7 potions of haste
 e - 3 potions of berserk rage
 g - 2 potions of brilliance
 i - 4 potions of resistance
 k - 7 potions of might
Miscellaneous
 G - a phantom mirror


   Skills:
 + Level 7.1 Fighting
 + Level 8.2 Ranged Weapons
 + Level 10.7 Dodging
 - Level 11.2 Stealth
 + Level 10.3 Shields
 + Level 9.5 Spellcasting
 + Level 10.2 Conjurations
 + Level 6.7 Hexes
 + Level 10.6 Fire Magic
 + Level 7.3 Air Magic
 + Level 6.0 Earth Magic
 + Level 5.9 Alchemy
 + Level 11.0 Invocations


You had 3 spell levels left.
You knew the following spells:

 Your Spells              Type           Power      Damage    Failure   Level
a - Foxfire               Conj/Fire      100%       2x1d9     0%          1
b - Scorch                Fire           100%       2d9       0%          2
c - Inner Flame           Hex/Fire       86%        N/A       1%          3
d - Flame Wave            Conj/Fire      93%        2d20      1%          4
e - Plasma Beam           Fire/Air       43%        2x1d57    3%          6
f - Starburst             Conj/Fire      46%        6d13      1%          6
g - Irradiate             Conj/Alch      41%        3d25      1%          5

Your spell library contained the following spells:

 Spells                   Type           Power      Damage    Failure   Level
 Magic Dart               Conj           100%       1d8       0%          1
 Sting                    Conj/Alch      100%       1d9       1%          1
 Cigotuvi's Dreadful Rot  Necr/Alch/Air  100%       N/A       1%          2
 Ensorcelled Hibernation  Hex/Ice        100%       N/A       1%          2
 Momentum Strike          Conj/Tloc      100%       3d10      1%          2
 Searing Ray              Conj           100%       2d8       1%          2
 Static Discharge         Conj/Air       100%       3-8/arc   1%          2
 Confusing Touch          Hex            77%        N/A       1%          3
 Dazzling Flash           Conj/Hex       100%       N/A       1%          3
 Mephitic Cloud           Conj/Alch/Air  82%        N/A       1%          3
 Stone Arrow              Conj/Erth      100%       3d13      1%          3
 Swiftness                Air            79%        N/A       1%          3
 Volatile Blastmotes      Fire/Tloc      100%       2d18      1%          3
 Summon Ice Beast         Ice/Summ       24%        N/A       2%          3
 Airstrike                Air            39%        2d(6-22)  1%          4
 Cause Fear               Hex            38%        N/A       1%          4
 Summon Lightning Spire   Summ/Air       58%        N/A       1%          4
 Silence                  Hex/Air        39%        N/A       1%          5
 Conjure Ball Lightning   Conj/Air       43%        3x3d15    3%          6
 Passage of Golubria      Tloc           24%        N/A       9%          4
 Ignition                 Fire           47%        3d13      56%         8
 Lehudib's Crystal Spear  Conj/Erth      41%        10d10     88%         8
 Maxwell's Capacitive Co  Air            39%        ∞         95%         8
 Malign Gateway           Summ/Tloc      12%        N/A       100%        7
 Animate Armour           Summ/Erth      Unusable   N/A       N/A         4

Dungeon Overview and Level Annotations

Branches:
Dungeon (1/1)

Altars:
Ashenzari
Cheibriados
Dithmenos
Elyvilon
Fedhas
Gozag
Hepliaklqana
Kikubaaqudgha
Makhleb
Nemelex Xobeh
Okawaru
Qazlal
Ru
Sif Muna
Trog
Uskayaw
Vehumet
Wu Jian
Xom
Yredelemnul
Zin
The Shining One
Beogh
Jiyva
Lugonu


Innate Abilities, Weirdness & Mutations

You cannot wear most types of armour.
You are amphibious.
You can wear up to eight rings at the same time.
Your skin changes colour to match your surroundings (Stealth+).
Your rubbery body absorbs attacks. (AC +1, EV +1)
((You are camouflaged when in or above water. (Stealth+)))
You have tentacles for arms and can constrict up to eight enemies at once.


Message History

The emperor scorpion closely misses you.
Casting: Scorch (safe; 0% risk of failure)
Confirm with . or Enter, or press ? or * to list all spells.
Flames lash the emperor scorpion but do no damage.
You feel less invigorated. The emperor scorpion barely misses you.
The emperor scorpion completely misses you.
The emperor scorpion claws you.
The emperor scorpion closely misses you.
The emperor scorpion claws you. x2
Casting: Scorch (safe; 0% risk of failure)
Confirm with . or Enter, or press ? or * to list all spells.
Casting: Plasma Beam (dangerous; 3% risk of failure)
Press: ? - help, Dir - look around, f - activate The bolt of lightning hits the emperor scorpion!!
You feel better.
You kill the emperor scorpion!
Sif Muna accepts your kill.
You see here Sif Muna's Quotidian Theurgy {god gift}.
Sif Muna grants you a gift!
A freezing mist starts to gather...
An emperor scorpion simulacrum comes into view.
You are no longer corroded.
Your Fighting skill increases to level 7!
Your Earth Magic skill increases to level 6!
Your Invocations skill increases to level 11!
Unknown command.
Unknown command.
You pick up Sif Muna's Quotidian Theurgy {god gift} and begin reading...
It was Sif Muna's Quotidian Theurgy {god gift}.
You add the spells Swiftness, Mephitic Cloud and Summon Ice Beast to your library.
The emperor scorpion simulacrum hits you!
* * * LOW HITPOINT WARNING * * *
The emperor scorpion simulacrum freezes you!
You resist.
* * * LOW HITPOINT WARNING * * *
The emperor scorpion simulacrum claws you.
* * * LOW HITPOINT WARNING * * *
The emperor scorpion simulacrum freezes you!
You resist.
You die...

▓..||::|..▓..)..))..▓
▓..)/||)..▓...[).)..▓
▓.........▓.)..)))..▓
▓.........▓......)..▓
▓.........▓.........▓
▓.........▓.........▓
▓.........▓.▓....)▓.▓
▓...:...).▓....©....▓
▓....©.Z@.▓▓▓▓▓▓▓▓▓▓▓
▓▓▓▓▓▓▓▓▓▓▓


You could see an emperor scorpion simulacrum.

Vanquished Creatures
  An emperor scorpion (D)
  A broodmother (D)
  An entropy weaver (D)
  A boulder beetle (D)
  2 two-headed ogres (D)
  A demonic crawler (D)
  2 pharaoh ants (D)
  A deep elf archer (D)
  A steelbarb worm (D)
  A deep elf pyromancer (D)
  A cyclops (D)
  A meliai (D)
  2 black mambas (D)
  2 yaktaurs (D)
  5 merfolk (D)
  2 trolls (D)
  A hornet (D)
  4 wind drakes (D)
  A glass eye (D)
  A spriggan (D)
  3 nagas (D)
  2 water moccasins (D)
  2 black bears (D)
  5 ogres (D)
  3 wolves (D)
  6 centaurs (D)
  A phantom (D)
  2 weeping skulls (D)
  A wight (D)
  2 jellies (D)
  2 adders (D)
  An endoplasm (D)
  A ball python (D)
  A jackal skeleton (D)
64 creatures vanquished.

Vanquished Creatures (others)
  12 foxfires (D)
12 creatures vanquished.

Grand Total: 76 creatures vanquished

Notes
Turn   | Place    | Note
-------+----------+-------------------------------------------
     0 | D        | Conn the Octopode Fire Elementalist began the quest for the
                  | Orb.
     0 | D        | Reached XP level 1. HP: 11/11 MP: 3/3
     0 | D        | Found a shimmering blue altar of Sif Muna.
     0 | D        | Found a bloodstained altar of Trog.
     0 | D        | Found a sacrificial altar of Ru.
     0 | D        | Found a stormy altar of Qazlal.
     0 | D        | Found an iron altar of Okawaru.
     1 | D        | Found a sparkling altar of Nemelex Xobeh.
     1 | D        | Found a blossoming altar of Fedhas.
     1 | D        | Found the +6 Majin-Bo {spellvamp, MP+6 Int+6}
     1 | D        | Found the +27 heavy crossbow "Sniper" {heavy, Acc+∞ SInv}
     1 | D        | Found the +10 dark maul {heavy}
     1 | D        | Found the +15 Maxwell's patent armour {-Cast -Tele rElec
                  | Will+ rCorr}
     1 | D        | Found the +18 shield of the Gong {Loud rN+ Will+ rCorr
                  | EV-5}
     1 | D        | Found the +16 obsidian axe {drain, demonic, Mesm ^Drain Fly
                  | SInv}
     1 | D        | Found the +7 great mace "Firestarter" {flame, immolate,
                  | rFlCloud rF++}
     1 | D        | Found the +6 shillelagh "Devastator" {shatter}
     1 | D        | Found the +11 plutonium sword {^Contam Stlth-}
     1 | D        | Found the +8 lance "Wyrmbane" {slay drac, rPois rF+ rC+
                  | AC+3}
     1 | D        | Found the +9 sword of Zonguldrok {reap}
     1 | D        | Found the +13 scythe of Curses {drain, curses, ^Drain}
     1 | D        | Found the +9 sword of Power {lifebolt}
     1 | D        | Found the +7 mace of Variability {chaos, chaos arc}
     1 | D        | Found the +11 Singing Sword {sonic wave}
     1 | D        | Found the +8 storm bow {elec, penet}
     3 | D        | Found a transporter.
     3 | D        | Found an ancient bone altar of Kikubaaqudgha.
     3 | D        | Found a viscous altar of Jiyva.
     3 | D        | Found a corrupted altar of Lugonu.
     3 | D        | Found a hazy altar of Hepliaklqana.
     3 | D        | Found a burning altar of Makhleb.
     3 | D        | Found an opulent altar of Gozag.
    19 | D        | Banished a spatial maelstrom
    38 | D        | Became a worshipper of Sif Muna the Loreminder
    61 | D        | Entered arena 2.
    61 | D        | Noticed a deep elf pyromancer
    61 | D        | Noticed a deep elf archer
    61 | D        | Found a transporter.
    66 | D        | Killed a deep elf archer
    67 | D        | Reached skill level 5 in Dodging
    67 | D        | Reached skill level 5 in Shields
    67 | D        | Reached skill level 5 in Spellcasting
    67 | D        | Reached skill level 5 in Conjurations
    67 | D        | Reached skill level 5 in Invocations
    67 | D        | Reached XP level 2. HP: 13/17 MP: 4/8
    67 | D        | Reached XP level 3. HP: 16/21 MP: 4/9
    67 | D        | Reached XP level 4. HP: 21/27 MP: 4/11
    67 | D        | Reached XP level 5. HP: 24/31 MP: 4/12
    67 | D        | Reached XP level 6. HP: 28/36 MP: 4/13
    67 | D        | Reached XP level 7. HP: 32/41 MP: 4/14
    68 | D        | Killed a deep elf pyromancer
    69 | D        | Reached XP level 8. HP: 37/46 MP: 4/17
   107 | D        | Learned a level 2 spell: Scorch
   112 | D        | Learned a level 4 spell: Flame Wave
   116 | D        | Learned a level 3 spell: Inner Flame
   166 | D        | Entered arena 3.
   166 | D        | Noticed a yaktaur
   166 | D        | Noticed a yaktaur
   166 | D        | Found a transporter.
   170 | D        | Reached * piety under Sif Muna
   171 | D        | Reached skill level 10 in Stealth
   172 | D        | Killed a yaktaur
   174 | D        | Killed a yaktaur
   192 | D        | Entered arena 4.
   192 | D        | Noticed a glass eye
   192 | D        | Found a transporter.
   193 | D        | Killed a glass eye
   193 | D        | Reached ** piety under Sif Muna
   196 | D        | Reached XP level 9. HP: 51/51 MP: 19/19
   206 | D        | Entered arena 5.
   206 | D        | Found a transporter.
   207 | D        | Reached *** piety under Sif Muna
   221 | D        | Entered arena 6.
   221 | D        | Found a transporter.
   222 | D        | Reached **** piety under Sif Muna
   223 | D        | Reached skill level 1 in Fighting
   223 | D        | Reached skill level 1 in Ranged Weapons
   223 | D        | Reached skill level 1 in Hexes
   232 | D        | Got the ring "Guzuur" {rPois Int+4}
   280 | D        | Entered arena 7.
   282 | D        | Reached ***** piety under Sif Muna
   285 | D        | Received a gift from Sif Muna
   286 | D        | Got Sif Muna's Tractate on Breezy Location {god gift}
   288 | D        | Found a transporter.
   355 | D        | Learned a level 6 spell: Plasma Beam
   359 | D        | Learned a level 3 spell: Stone Arrow
   359 | D        | Entered arena 8.
   359 | D        | Noticed a black mamba
   359 | D        | Noticed a black mamba
   360 | D        | Reached skill level 5 in Ranged Weapons
   360 | D        | Reached XP level 10. HP: 63/63 MP: 21/21
   362 | D        | Killed a black mamba
   363 | D        | Reached skill level 1 in Earth Magic
   365 | D        | Killed a black mamba
   366 | D        | Found a transporter.
   371 | D        | Received a gift from Sif Muna
   462 | D        | Learned a level 5 spell: Irradiate
   469 | D        | Entered arena 9.
   469 | D        | Found the necklace of Bloodlust {Fury *Rage Will++ Int-3
                  | Slay+6}
   469 | D        | Noticed a cyclops
   474 | D        | Reached XP level 11. HP: 69/69 MP: 16/23
   474 | D        | Killed a cyclops
   475 | D        | Reached skill level 5 in Air Magic
   475 | D        | Reached skill level 1 in Alchemy
   478 | D        | Received a gift from Sif Muna
   479 | D        | Got Etompoj's Notes on Beguiling {god gift}
   481 | D        | Found a transporter.
   626 | D        | Entered arena 10.
   635 | D        | Reached skill level 5 in Fighting
   638 | D        | Found a transporter.
   658 | D        | Got the ring of Ephemeral Luck {rC+ Int+2}
   670 | D        | Got the Parchment of Flying Places
   679 | D        | Learned a level 6 spell: Starburst
   777 | D        | Entered arena 11.
   777 | D        | Noticed a two-headed ogre
   777 | D        | Noticed a two-headed ogre
   779 | D        | Received a gift from Sif Muna
   780 | D        | Reached skill level 5 in Hexes
   781 | D        | Killed a two-headed ogre
   782 | D        | Reached skill level 10 in Invocations
   782 | D        | Reached ****** piety under Sif Muna
   783 | D        | Killed a two-headed ogre
   786 | D        | Found a transporter.
   798 | D        | Got Sif Muna's Codex of Blows {god gift}
   810 | D        | Acquired the +2 shield of Resistance {rF++ rC++ Will++}
   810 | D        | Found the +2 shield of Resistance {rF++ rC++ Will++}
   813 | D        | Got the ring of Notugiso {rF+ MP+9 SInv}
   817 | D        | Got the staff of Javaewko {rC+ rN+++ Dex+3 Summ Ice}
   948 | D        | Entered arena 12.
   948 | D        | Noticed a pharaoh ant
   948 | D        | Noticed an entropy weaver
   948 | D        | Noticed a demonic crawler
   948 | D        | Noticed a broodmother
   950 | D        | Noticed a steelbarb worm
   951 | D        | Noticed a pharaoh ant
   952 | D        | Killed a pharaoh ant
   952 | D        | Noticed a boulder beetle
   953 | D        | Reached skill level 10 in Dodging
   953 | D        | Reached skill level 10 in Fire Magic
   953 | D        | Noticed an emperor scorpion
   956 | D        | Killed a steelbarb worm
   956 | D        | Received a gift from Sif Muna
   957 | D        | Reached skill level 5 in Earth Magic
   957 | D        | Killed a pharaoh ant
   958 | D        | Noticed a wolf spider
   958 | D        | Noticed a wolf spider
   958 | D        | Killed a demonic crawler
   958 | D        | Killed an entropy weaver
   959 | D        | Reached skill level 10 in Shields
   959 | D        | Reached skill level 5 in Alchemy
   959 | D        | Reached XP level 12. HP: 34/80 MP: 2/25
   962 | D        | Killed a boulder beetle
   963 | D        | Reached skill level 10 in Conjurations
   964 | D        | Killed a broodmother
   968 | D        | Killed an emperor scorpion
   968 | D        | Received a gift from Sif Muna
   969 | D        | Got Sif Muna's Quotidian Theurgy {god gift}
   970 | D        | Slain by an emperor scorpion simulacrum

Illustrated notes

Levels and vault maps discovered:
D:        sprint_v [room_start, room_1, room_2, room_3, room_4, room_5, room_6,
          room_7, room_8, room_9, room_10, room_11, room_12, room_13, room_14,
          room_15, room_16, room_17, room_18, room_19, room_20, room_21,
          room_22, room_23, room_24, room_25, room_26, room_27]

Skill      XL: |  1  2  3  4  5  6  7  8  9 10 11 12 |
---------------+-------------------------------------+-----
Dodging        | 5 6 7 8 9 10 | 10.7
Stealth        | 8 9 11 | 11.2
Shields        | 5 6 7 8 10 | 10.3
Spellcasting   | 5 6 7 8 9 |  9.5
Conjurations   | 5 6 7 8 9 10 | 10.2
Fire Magic     | 6 7 8 9 10 | 10.6
Invocations    | 5 6 8 9 10 11 | 11.0
Fighting       | 3 4 6 7 |  7.1
Ranged Weapons | 5 7 8 |  8.2
Hexes          | 2 3 6 |  6.7
Air Magic      | 3 4 6 7 |  7.3
Earth Magic    | 2 5 6 |  6.0
Alchemy        | 5 |  5.9

Action                     |  1- 3 |  4- 6 |  7- 9 | 10-12 || total
---------------------------+-------+-------+-------+-------++-------
  Melee: Bo                |       |       |       |     5 ||     5
         Tentacles         |       |       |       |     1 ||     1
         Constrict         |       |       |       |     1 ||     1
   Fire: Heavy crossbow    |     2 |       |    22 |       ||    24
   Cast: Flame Wave        |       |       |     2 |       ||     2
         Scorch            |       |       |       |    13 ||    13
         Plasma Beam       |       |       |       |     6 ||     6
         Foxfire           |       |       |       |     6 ||     6
         Inner Flame       |       |       |       |     5 ||     5
         Starburst         |       |       |       |    11 ||    11
         Irradiate         |       |       |       |     3 ||     3
         Ignition          |       |       |       |     1 ||     1
 Invoke: Divine Exegesis   |       |       |       |     1 ||     1
         Channel Magic     |       |       |       |     1 ||     1
  Evoke: Wand              |       |       |       |     1 ||     1
         Phantom mirror    |       |       |       |     1 ||     1
    Use: Potion            |     2 |       |     3 |     1 ||     6
         Scroll            |       |       |       |     3 ||     3
 Armour: Skin              |     1 |       |     6 |    34 ||    41
  Dodge: Dodged            |     1 |       |    27 |    31 ||    59

Table legend: (Time is in decaauts)
 A = Elapsed time spent in this place.
 B = Non-inter-level travel time spent in this place.
 C = Inter-level travel time spent in this place.
 D = Time resting spent in this place.
 E = Time spent auto-exploring this place.
 F = Levels seen in this place.
 G = Mean time per level.
                   A        B        C        D        E       F      G
               +--------+--------+--------+--------+--------+-----+--------+
         Total |    969 |    969 |      0 |    463 |      0 |   1 |  969.0 |
       Dungeon |    969 |    969 |      0 |    463 |      0 |   1 |  969.0 |
               +--------+--------+--------+--------+--------+-----+--------+

Top non-repeatable levels by time:
       D: 969 daAuts
